AoeStats
← Tamanoir

Arena

509649691Analyzed
4v4 RM · 6d ago on Sep 27, 2026· 36m 24s· 8 players
Game mode
Random Map
Map size
Large (8 player)
Population
200
Speed
Normal
Resources
Standard
Victory
Conquest
Starting age
Dark Age
Ending age
Imperial Age
RankedLock teamsTeams togetherTeam positionsShared explorationLock speedFull tech treeHidden civsTurbo modeCheats
Victory
Defeat
🇮🇹 Teutons · Italy
1329
+13
🇭🇰 Turks · Hong Kong SAR China
1309
+14
🇧🇷 Celts · Brazil
1205
+18
🇭🇰 Burgundians · Hong Kong SAR China
1114
+22
🇧🇪 Ethiopians · Belgium
1289
-18
🇨🇦 Burgundians · Canada
1267
-17
🇷🇺 Saxons · Russia
1243
-16
🇷🇺 Teutons · Russia
1227
-16
KING
10:30 Feudal Age
10:39 Feudal Age
14:36 Castle Age
12:51 Double-Bit Axe
13:42 Horse Collar
15:51 Bow Saw
18:10 Two-Man Saw
21:09 Wheelbarrow
21:51 Heavy Plow
23:36 Hand Cart
23:06 Loom
25:27 Crop Rotation
24:50 Town Watch
25:37 Gold Mining
30:47 Imperial Age
28:49 Cavalier
29:29 Husbandry
29:44 Forging
29:50 Scale Barding Armor
31:50 Chain Barding Armor
32:08 Iron Casting
31:59 Paladin
34:39 Plate Barding Armor
35:15 Gold Shaft Mining
37:15 Blast Furnace
micendice
10:01 Feudal Age
14:21 Castle Age
12:31 Double-Bit Axe
12:39 Horse Collar
18:19 Bow Saw
23:42 Loom
24:45 Pikeman
28:55 Wheelbarrow
Tamanoir
7:58 Loom
10:28 Feudal Age
11:00 Double-Bit Axe
10:38 Man-at-Arms
17:12 Horse Collar
24:41 Castle Age
22:36 Gold Mining
24:41 Wheelbarrow
23:52 Town Watch
25:18 Fletching
24:50 Crossbowman
25:36 Thumb Ring
27:17 Bodkin Arrow
27:23 Padded Archer Armor
29:47 Hand Cart
34:37 Ballistics
34:13 Murder Holes
39:13 Imperial Age
black_magick_in_june
11:23 Feudal Age
15:11 Castle Age
13:34 Double-Bit Axe
13:42 Horse Collar
18:01 Bow Saw
18:17 Heavy Plow
24:40 Scale Barding Armor
24:46 Forging
24:54 Gold Mining
26:06 Chain Barding Armor
26:33 Bloodlines
27:32 Iron Casting
Ralf, o fareja noob
9:48 Feudal Age
13:28 Castle Age
11:41 Double-Bit Axe
12:31 Horse Collar
14:57 Bow Saw
15:23 Heavy Plow
27:48 Imperial Age
27:25 Ballistics
28:42 Wheelbarrow
27:53 Loom
27:51 Heavy Scorpion
29:36 Chemistry
29:49 Siege Engineers
30:30 Furor Celtica
30:58 Hand Cart
34:08 Coinage
Freddy
6:10 Loom
8:50 Feudal Age
10:57 Fletching
16:28 Wheelbarrow
16:13 Double-Bit Axe
18:04 Horse Collar
23:55 Gold Mining
29:17 Castle Age
30:23 Hand Cart
30:21 Bow Saw
30:16 Heavy Plow
35:23 Imperial Age
33:03 Scale Mail Armor
34:10 Chain Mail Armor
33:52 Town Watch
34:10 Stone Mining
35:22 Forging
34:58 Gambesons
35:16 Squires
35:01 Arson
36:44 Plate Mail Armor
五虎上將-趙雲
13:03 Feudal Age
14:30 Double-Bit Axe
14:50 Gold Mining
17:11 Castle Age
21:17 Imperial Age
18:33 Horse Collar
20:33 Bow Saw
22:39 Padded Archer Armor
24:31 Leather Archer Armor
25:54 Wheelbarrow
25:05 Loom
33:37 Ring Archer Armor
五虎上將-張飛
5:44 Loom
6:12 Double-Bit Axe
13:06 Feudal Age
17:05 Castle Age
15:32 Bow Saw
15:05 Horse Collar
16:14 Gold Mining
22:22 Husbandry
24:05 Cavalier
28:01 Wheelbarrow
30:31 Scale Barding Armor
35:29 Chain Barding Armor
37:21 Gold Shaft Mining
Connection lost

Rejoining the realm…

Still unreachable

The connection could not be restored.

Session expired

The server has moved on; the page needs a fresh start.